 Dungeon Crawl Stone Soup version 0.27-a0-1136-g0b992a5a9d (webtiles) character file.

Game seed: 3474682992988424356

396 jestyr24 the Magician (level 6, -9/41 HPs)
             Began as a Djinni Venom Mage on May 4, 2021.
             Mangled by Duvessa
             ... wielding a +0 rapier
              (24 damage)
             ... on level 4 of the Dungeon.
             The game lasted 00:11:59 (5365 turns).

jestyr24 the Magician (Djinni Venom Mage)           Turns: 5365, Time: 00:12:03

Health: -9/41      AC:  3    Str:  7    XL:     6   Next: 82%
Gold:   147        EV: 12    Int: 18    God:
                   SH:  0    Dex: 14

rFire    + + +     SeeInvis .   f - +3 short sword
rCold    x . .     Faith    .   (no shield)
rNeg     . . .     Spirit   .   a - +0 robe
rPois    ∞         Reflect  .   m - +1 hat
rElec    .         Harm     .   (no cloak)
rCorr    .         Rampage  .   (no gloves)
Will     .....                  (boots unavailable)
Stlth    ++........             (no amulet)
HPRegen  0.13/turn              d - ring of protection from fire
MPRegen  0.00/turn              (no ring)

@: flying
A: sickness immunity, fire resistance 2, cold vulnerability 1, float, innate
caster, hp casting, extra vitality 1
a: no special abilities


You were on level 4 of the Dungeon.
You visited 1 branch of the dungeon, and saw 4 of its levels.

You collected 147 gold pieces.

Inventory:

Hand Weapons
 f - a +3 short sword (weapon)
Missiles
 k - 15 poisoned darts
Armour
 a - a +0 robe (worn)
 m - a +1 hat (worn)
 s - a +0 tower shield
Jewellery
 d - a ring of protection from fire (left hand)
 q - a ring of protection from cold
Scrolls
 c - 3 scrolls of teleportation {unknown}
 e - a scroll of fear {unknown}
 g - a scroll of immolation {unknown}
 i - a scroll of amnesia {unknown}
 o - 4 scrolls of magic mapping {unknown}
 p - a scroll of acquirement {unknown}
 r - a scroll of identify {unknown}
 t - a scroll of torment {unknown}
Potions
 b - 2 potions of brilliance {unknown}
 h - a potion of ambrosia {unknown}
 j - a potion of flight {unknown}
 l - 3 potions of magic {unknown}
 n - a potion of invisibility {unknown}


   Skills:
 + Level 0.6 Fighting
 + Level 2.7 Dodging
 + Level 2.5 Stealth
 + Level 5.7 Spellcasting


You couldn't memorise any spells.
You knew the following spells:

 Your Spells              Type           Power      Damage    Failure   Level
a - Sting                 Tmut/Pois      100%       1d8       1%          1
b - Poisonous Vapours     Pois/Air       52%        N/A       1%          2
c - Mephitic Cloud        Conj/Pois/Air  26%        N/A       3%          3
d - Ignite Poison         Fire/Tmut/Pois 26%        N/A       3%          3
e - Olgreb's Toxic Radia  Pois           26%        N/A       12%         4
f - Shock                 Conj/Air       100%       1d9       1%          1
g - Passwall              Tmut/Erth      21%        N/A       1%          2
Your spell library was empty.

Dungeon Overview and Level Annotations

Branches:
Dungeon (4/15)
 Temple: D:4-7

Altars:
Ashenzari

Shops:
D:4 *

Annotations:
D:4 Duvessa


Innate Abilities, Weirdness & Mutations

You are immune to sickness and miasma.
You are immune to poison.
Your flesh is very heat resistant. (rF++)
You are vulnerable to cold. (rC-)
You float through the air rather than walking.
You learn spells naturally, not from books.
Your magical power is your life essence.
You have superior vitality. (+4 HP)


Message History

Dowan is engulfed in noxious fumes.
Dowan appears confused.
Duvessa, Sister of Dowan comes into view.
She is wielding a +0 rapier.
The hobgoblin is engulfed in noxious fumes.
The hobgoblin appears confused.
Casting: Mephitic Cloud (dangerous; 3% risk of failure)
Confirm with . or Enter, or press ? or * to list all spells.
You ignite the poison in your surroundings!
Dowan is engulfed in blazing flames.
Dowan is engulfed in blazing flames.
You kill Dowan!
Duvessa screams in rage.
Duvessa goes berserk!
Casting: Ignite Poison (dangerous; 3% risk of failure)
Confirm with . or Enter, or press ? or * to list all spells.
Aiming: Mephitic Cloud (dangerous; 3% risk of failure)
Press: ? - help, Shift-Dir - straight line, f/p - hobgoblin
Aim: a hobgoblin, wearing a +0 robe (confused, chance to affect: 96%)
The ball explodes into a vile cloud!
The stinking cloud engulfs the hobgoblin but does no damage.
The stinking cloud engulfs Duvessa but does no damage.
Duvessa is engulfed in blazing flames.
The hobgoblin is engulfed in noxious fumes.
The hobgoblin appears confused.
The hobgoblin laughs crazily.
Casting: Mephitic Cloud (dangerous; 3% risk of failure)
Confirm with . or Enter, or press ? or * to list all spells.
You ignite the poison in your surroundings!
Duvessa is engulfed in blazing flames.
Duvessa hits you with a +0 rapier.
The hobgoblin is engulfed in blazing flames.
You kill the hobgoblin!
Casting: Ignite Poison (dangerous; 3% risk of failure)
Confirm with . or Enter, or press ? or * to list all spells.
Aiming: Mephitic Cloud (dangerous; 3% risk of failure)
Press: ? - help, Shift-Dir - straight line The ball explodes into a vile cloud!
The stinking cloud engulfs Duvessa but does no damage.
Duvessa is moderately wounded.
Duvessa hits you with a +0 rapier! Duvessa hits you with a +0 rapier!!
Ouch! That really hurt!
You die...

....#
#..............
.....
##..............
#.>..#
#..##.........
#.....
##)#####......
#.....##..#
##...#
#......#..# ###
#...☼☼☼#.## ##
#...§§...# #.
#....○e@## ...
#.°.○...# ...
#.°°☼...# ...
#.○.○..## ...
#..°)°.# ...
#...°... ...
#..>..... ...
#........


You could see Duvessa (berserk).

Vanquished Creatures
  A water moccasin (D:2)
  Dowan (D:4)
  A bullfrog skeleton (D:4)
  2 hounds (D:4)
  An iguana (D:4)
  4 adders
  A worm (D:4)
  4 dart slugs
  5 orcs
  3 bats
  8 endoplasms
  4 giant cockroaches
  7 goblins
  5 hobgoblins
  6 kobolds
  4 quokkas
  8 ball pythons
  3 frilled lizards
  5 rats
73 creatures vanquished.

Notes
Turn   | Place    | Note
-------+----------+-------------------------------------------
     0 | D:1      | jestyr24 the Djinni Venom Mage began the quest for the Orb.
     0 | D:1      | Reached XP level 1. HP: 15/15 MP: 0/0
   194 | D:1      | Reached skill level 3 in Spellcasting
   196 | D:1      | Reached XP level 2. HP: 17/21 MP: 0/0
   932 | D:1      | Reached XP level 3. HP: 24/25 MP: 0/0
   932 | D:1      | Learned a level 1 spell: Shock
  2234 | D:2      | Reached XP level 4. HP: 26/31 MP: 0/0
  2591 | D:2      | Noticed a water moccasin
  2603 | D:2      | Killed a water moccasin
  2604 | D:2      | Reached skill level 4 in Spellcasting
  2604 | D:2      | Reached XP level 5. HP: 14/35 MP: 0/0
  2604 | D:2      | Learned a level 2 spell: Passwall
  3113 | D:3      | Found a faded altar of an unknown god.
  3674 | D:3      | Found a broken altar of Ashenzari.
  4032 | D:4      | Found Fieruhif's General Store.
  4269 | D:4      | Reached skill level 5 in Spellcasting
  4269 | D:4      | Reached XP level 6. HP: 6/41 MP: 0/0
  5355 | D:4      | Noticed Dowan
  5358 | D:4      | Noticed Duvessa
  5360 | D:4      | Killed Dowan
  5365 | D:4      | Mangled by Duvessa

Illustrated notes

Levels and vault maps discovered:
D:1:      dpeg_arrival_leaves_temple_mockup, layout_loops_cross
D:2:      layout_loops_ring
D:3:      layout_basic, lemuel_crystal_altar, chequers_ecumenical_altar_simple
D:4:      layout_cave_pods, kennysheep_windowed_goal, uniq_duvessa

Skill      XL: |  1  2  3  4  5 |
---------------+----------------+-----
Spellcasting   | 3 4 5 |  5.7
Stealth        | 2 |  2.5
Fighting       | |  0.6
Dodging        | |  2.7

Action                   |  1- 3 |  4- 6 || total
-------------------------+-------+-------++-------
Melee: Short sword       |    10 |     3 ||    13
 Cast: Sting             |    38 |     6 ||    44
       Poisonous Vapours |    22 |    47 ||    69
       Shock             |     3 |    21 ||    24
       Mephitic Cloud    |       |     8 ||     8
       Ignite Poison     |       |     6 ||     6
Armor: Robe              |     2 |     5 ||     7
Dodge: Dodged            |    11 |    14 ||    25

Table legend: (Time is in decaauts)
 A = Elapsed time spent in this place.
 B = Non-inter-level travel time spent in this place.
 C = Inter-level travel time spent in this place.
 D = Time resting spent in this place.
 E = Time spent auto-exploring this place.
 F = Levels seen in this place.
 G = Mean time per level.
                   A        B        C        D        E       F      G
               +--------+--------+--------+--------+--------+-----+--------+
         Total |   5364 |   5299 |     65 |   1191 |   3684 |   4 | 1341.0 |
       Dungeon |   5364 |   5299 |     65 |   1191 |   3684 |   4 | 1341.0 |
               +--------+--------+--------+--------+--------+-----+--------+

Top non-repeatable levels by time:
     D:2: 1545 daAuts
     D:4: 1436 daAuts
     D:1: 1354 daAuts
     D:3: 1026 daAuts
